 Dungeon Crawl Stone Soup version 0.29-a0-841-g116ddc6ace (webtiles) character file.

Game seed: 13243462054541941890

126 Hasart the Shooter (level 4, -1/37 HPs)
             Began as a Demigod Hunter on July 15, 2022.
             Slain by an orc
             ... wielding a +0 hand axe
              (7 damage)
             ... on level 3 of the Dungeon.
             The game lasted 00:01:54 (1616 turns).

Hasart the Shooter (Demigod Hunter)                 Turns: 1616, Time: 00:01:55

Health: -1/37      AC:  3    Str: 12    XL:     4   Next: 55%
Magic:  6/6        EV: 12    Int: 11    God:
Gold:   141        SH:  5    Dex: 21    Spells: 3/3 levels left

rFire   . . .      SeeInvis .   a - +0 shortbow
rCold   . . .      Faith    .   (shield currently unavailable)
rNeg    . . .      Spirit   .   c - +0 leather armour
rPois   .          Reflect  +   (no helmet)
rElec   .          Harm     .   (no cloak)
rCorr   .          Rampage  .   (no gloves)
Will    .....                   (no boots)
Stlth   ++........              k - amulet of reflection
HPRegen 0.12/turn               (no ring)
MPRegen 0.10/turn               (no ring)

@: no status effects
A: high MP 1, forlorn, divine attributes
a: no special abilities


You were on level 3 of the Dungeon.
You visited 1 branch of the dungeon, and saw 3 of its levels.

You collected 141 gold pieces.

Inventory:

Hand Weapons
 a - a +0 shortbow (weapon)
Armour
 c - a +0 leather armour (worn)
Jewellery
 k - an amulet of reflection (around neck)
 m - an amulet of guardian spirit
Scrolls
 b - a scroll of immolation
 d - 2 scrolls of amnesia {unknown}
 e - 3 scrolls of teleportation {unknown}
 h - a scroll of acquirement {unknown}
 i - a scroll of enchant armour {unknown}
 j - a scroll of poison {unknown}
 l - a scroll of noise {unknown}
Potions
 f - a potion of brilliance {unknown}
 g - a potion of heal wounds {unknown}


   Skills:
 + Level 2.5 Fighting
 * Level 4.5 Ranged Weapons
 + Level 2.5 Dodging
 + Level 2.1 Stealth


You had 3 spell levels left.
You didn't know any spells.
Your spell library was empty.

Dungeon Overview and Level Annotations

Branches:
Dungeon (2/15)


Innate Abilities, Weirdness & Mutations

You have an increased reservoir of magic. (+10% MP)
You shall have no god before yourself.
Your divine heritage dramatically boosts your attributes as you level up.


Message History

Aim: an orc, wielding a +0 flail (65% to hit)
You shoot an arrow. The arrow hits the orc!
You kill the orc!
You hear a shout!
Fire: a) +0 shortbow
Press: ? - help, Q - select action Shift-Dir - straight line, f - you
Okay, then.
You start resting.
An orc comes into view. It is wielding a +0 hand axe.
Fire: a) +0 shortbow
Press: ? - help, Q - select action Shift-Dir - straight line, f - orc
Aim: an orc, wielding a +0 hand axe and wearing a +0 scale mail (69% to hit)
You shoot an arrow. The arrow hits the orc.
The orc is heavily wounded.
Unknown command.
Fire: a) +0 shortbow
Press: ? - help, Q - select action Shift-Dir - straight line, f/p - orc
Aim: an orc, wielding a +0 hand axe and wearing a +0 scale mail (heavily wounded, 69% to hit)
You shoot an arrow. The arrow barely misses the orc.
The orc barely misses you.
Fire: a) +0 shortbow
Press: ? - help, Q - select action Shift-Dir - straight line, f/p - orc
Aim: an orc, wielding a +0 hand axe and wearing a +0 scale mail (heavily wounded, 69% to hit)
You shoot an arrow. The arrow barely misses the orc.
The orc hits you with a +0 hand axe.
* * * LOW HITPOINT WARNING * * *
Fire: a) +0 shortbow
Press: ? - help, Q - select action Shift-Dir - straight line, f/p - orc
Aim: an orc, wielding a +0 hand axe and wearing a +0 scale mail (heavily wounded, 69% to hit)
You shoot an arrow.
The arrow hits the orc but does no damage.
The orc is heavily wounded.
The orc misses you.
Fire: a) +0 shortbow
Press: ? - help, Q - select action Shift-Dir - straight line, f/p - orc
Aim: an orc, wielding a +0 hand axe and wearing a +0 scale mail (heavily wounded, 69% to hit)
You shoot an arrow. The arrow hits the orc.
The orc is severely wounded.
The orc hits you with a +0 hand axe!
You die...

.############
.....†.o@...#######
#####.............#
#.#####)#####># #.
#.## #.##### #
#..####.....#
##......###.#
..o...)......# #.#
....).#.####.###.#
...##.#.# #.....#


You could see an orc.

Vanquished Creatures
  An orc priest (D:3)
  An orc wizard (D:3)
  An adder (D:2)
  A worm (D:2)
  An orc (D:3)
  3 ball pythons
  6 endoplasms
  2 giant cockroaches (D:1)
  A goblin (D:1)
  12 hobgoblins
  8 jackals
  2 kobolds (D:1)
  2 quokkas
  6 bats
  2 frilled lizards (D:1)
  4 rats (D:1)
53 creatures vanquished.

Notes
Turn   | Place    | Note
-------+----------+-------------------------------------------
     0 | D:1      | Hasart the Demigod Hunter began the quest for the Orb.
     0 | D:1      | Reached XP level 1. HP: 17/17 MP: 3/3
    47 | D:1      | Reached skill level 1 in Stealth
   167 | D:1      | Reached XP level 2. HP: 24/24 MP: 4/4
   509 | D:1      | Reached skill level 4 in Ranged Weapons
   808 | D:1      | Reached XP level 3. HP: 27/29 MP: 5/5
  1407 | D:2      | You fall into a shaft and drop 1 floor!
  1590 | D:3      | Reached XP level 4. HP: 21/37 MP: 6/6
  1616 | D:3      | Slain by an orc

Illustrated notes

Levels and vault maps discovered:
D:1:      lightli_arrival_statue_moat, layout_basic, serial_glass,
          glass_columns_b, glass_columns_a, minmay_tromino_v2
D:2:      layout_loops_cross, basic_altar
D:3:      layout_loops_ring, grunt_dithmenos_smoke_and_mirrors,
          old_standard_altar

Skill      XL: |  1  2  3 |
---------------+----------+-----
Stealth        | 1 2 |  2.1
Fighting       | 2 |  2.5
Dodging        | 2 |  2.5
Ranged Weapons | 4 |  4.5

Action                   |  1- 3 |  4- 6 || total
-------------------------+-------+-------++-------
 Fire: Shortbow          |   153 |    16 ||   169
Armor: Leather armour    |    18 |       ||    18
Dodge: Dodged            |    78 |     2 ||    80
Block: Other             |     9 |       ||     9

Table legend: (Time is in decaauts)
 A = Elapsed time spent in this place.
 B = Non-inter-level travel time spent in this place.
 C = Inter-level travel time spent in this place.
 D = Time resting spent in this place.
 E = Time spent auto-exploring this place.
 F = Levels seen in this place.
 G = Mean time per level.
                   A        B        C        D        E       F      G
               +--------+--------+--------+--------+--------+-----+--------+
         Total |   1672 |   1636 |     36 |      3 |   1322 |   3 |  557.3 |
       Dungeon |   1672 |   1636 |     36 |      3 |   1322 |   3 |  557.3 |
               +--------+--------+--------+--------+--------+-----+--------+

Top non-repeatable levels by time:
     D:1: 930 daAuts
     D:2: 520 daAuts
     D:3: 221 daAuts
